 Dungeon Crawl Stone Soup version 0.31-a0-133-gaae73658be (webtiles) character file.

Game seed: 2454801286494486151

162048 backslashecho the Executioner (level 17, -4/170 HPs)
             Began as a Minotaur Berserker on June 3, 2023.
             Was a High Priest of Trog.
             Killed from afar by a shock serpent (7 damage)
             ... with a bolt of electricity
             ... on level 4 of the Snake Pit.
             The game lasted 01:17:17 (32595 turns).

backslashecho the Executioner (Minotaur Berserker) Turns: 32595, Time: 01:17:17

Health: -4/170     AC: 32    Str: 34    XL:     17   Next: 21%
Magic:  16/16      EV: 11    Int:  8    God:    Trog [*****.]
Gold:   1336       SH:  5    Dex:  9    Spells: 16/16 levels left

rFire   + . .        a - +6 battleaxe (flame)
rCold   + . .        (shield currently unavailable)
rNeg    + . .        U - +0 crystal plate armour
rPois   +            (helmet restricted)
rElec   .            B - +2 cloak
rCorr   .            (no gloves)
SInv    .            Y - +0 pair of boots
Will    +....        M - amulet of reflection Stlth
                     h - ring "Zimushoy" {rF+ Str+4 Int+4 Slay+3 Stlth+}
HPRegen 0.48/turn    L - ring "Decot" {rPois rC+ rN+ Str+3 Dex-4}
MPRegen 0.15/turn

%: reflection
@: weakened, slowed, studying Fighting, very slow
A: horns 2, retaliatory headbutt
a: Renounce Religion, Berserk, Trog's Hand, Brothers in Arms


You were on level 4 of the Snake Pit.
You worshipped Trog.
Trog was extremely pleased with you.
You visited 5 branches of the dungeon, and saw 27 of its levels.
You also visited: Ossuary, Bailey, Gauntlet and Ice Cave.

You collected 3571 gold pieces.
You spent 2235 gold pieces at shops.

Inventory:

Hand Weapons
 a - a +6 battleaxe of flaming (weapon)
 b - a +1 antimagic executioner's axe
Missiles
 w - 67 poisoned darts
 F - 6 silver javelins
 P - a curare-tipped dart (quivered)
Armour
 B - a +2 cloak (worn)
 U - a +0 crystal plate armour (worn)
 V - a +1 chain mail of cold resistance
 Y - a +0 pair of boots (worn)
Jewellery
 c - a ring of poison resistance
 d - a ring of resist corrosion
 h - the ring "Zimushoy" (left hand) {rF+ Str+4 Int+4 Slay+3 Stlth+}
   (You found it on level 3 of the Dungeon)

   [ring of protection from fire]

   Str:       It affects your strength (+4).
   Int:       It affects your intelligence (+4).
   Slay:      It affects your accuracy & damage with ranged weapons and melee
   (+3).
   rF:        It protects you from fire.
   Stlth:     It makes you more stealthy.
 p - a ring of willpower
 A - the ring of Foistus {rElec Str+4 SInv}
   (You acquired it on level 1 of the Snake Pit)

   [ring of see invisible]

   Str:       It affects your strength (+4).
   rElec:     It insulates you from electricity.
   SInv:      It lets you see invisible.
 K - a ring of fire
 L - the ring "Decot" (right hand) {rPois rC+ rN+ Str+3 Dex-4}
   (You found it on level 3 of the Lair of Beasts)

   [ring of positive energy]

   Str:       It affects your strength (+3).
   Dex:       It affects your dexterity (-4).
   rC:        It protects you from cold.
   rPois:     It protects you from poison.
   rN:        It protects you from negative energy.
 M - an amulet of reflection (around neck)
 S - a ring of protection from cold
Wands
 i - a wand of roots (32)
 m - a wand of paralysis (17)
 t - a wand of digging (15)
 E - a wand of mindburst (14)
 H - a wand of flame (20)
 T - a wand of light (12)
Scrolls
 l - 2 scrolls of fog
 n - 7 scrolls of poison
 o - 6 scrolls of vulnerability
 u - 2 scrolls of magic mapping
 v - 8 scrolls of teleportation
 y - 2 scrolls of summoning
 D - 9 scrolls of enchant armour
 N - 3 scrolls of fear
 O - 5 scrolls of blinking
 Q - 3 scrolls of enchant weapon
Potions
 e - 7 potions of might
 f - 14 potions of curing
 g - 3 potions of berserk rage
 j - 10 potions of brilliance
 k - 6 potions of heal wounds
 r - 2 potions of enlightenment
 s - 4 potions of mutation
 x - 2 potions of attraction
 z - a potion of ambrosia
 C - a potion of magic
 G - 2 potions of lignification
 I - a potion of cancellation
 J - a potion of invisibility
 X - 4 potions of haste
Miscellaneous
 q - a phial of floods
 R - a phantom mirror
 W - a lightning rod (4/4)


   Skills:
 + Level 20.2 Fighting
 + Level 22.2 Axes
 - Level 6.0 Throwing
 + Level 19.8 Armour
 + Level 11.7 Dodging
 + Level 9.2 Evocations


You had 16 spell levels left.
You didn't know any spells.
Your spell library was empty.

Dungeon Overview and Level Annotations

Branches:
Dungeon (15/15)            Temple (1/1) D:4            Lair (5/5) D:11
 Shoals (0/4) Lair:3        Snake (4/4) Lair:2        Slime (0/5) Lair:4
    Orc (2/2) D:12            Elf (0/3) Orc:2        Vaults (0/5) D:14
 Depths (0/4) D:15        Ossuary (visited)          Bailey (visited)
  IceCv (visited)         Gauntlet (visited)

Altars:
Ashenzari
Cheibriados
Dithmenos
Elyvilon
Fedhas
Gozag
Hepliaklqana
Kikubaaqudgha
Makhleb
Nemelex Xobeh
Okawaru
Qazlal
Ru
Sif Muna
Trog
Uskayaw
Vehumet
Wu Jian
Yredelemnul
Zin
The Shining One

Shops:
D:1 ?[(   D:3 !   D:4 *   D:9 !   D:14 *   Orc:2 ?(!:=   Snake:1 ?   Snake:3 **
Snake:4 (

Annotations:
D:7 2 runed translucent doors
Lair:3 exclusion: door
Lair:5 3 runed translucent doors, dolemite99's ghost, adept GnTm


Innate Abilities, Weirdness & Mutations

You have a pair of horns on your head.
You reflexively headbutt those who attack you in melee.


Message History

You cut the salamander mystic into ribbons!!!
The salamander mystic is severely wounded.
You slash the salamander tyrant! You hit the shock serpent.
You burn the shock serpent.
You hear a shout!
The salamander tyrant hits you but does no damage.
You block the shock serpent's attack.
The naga mage gestures at the naga warrior while chanting.
The naga warrior seems to grow toxic.
The salamander tyrant hits you but does no damage.
The shock serpent bites you but does no damage.
You slash the salamander tyrant!
The salamander tyrant is moderately wounded.
You hit the shock serpent. You burn the shock serpent.
You slash the salamander tyrant!
The shock serpent's electric aura discharges, shocking you!
The salamander tyrant hits you.
You are engulfed in flames!
You resist.
* * * LOW HITPOINT WARNING * * *
The salamander tyrant gazes fiercely through you!
You feel as though you will be weak longer.
The salamander tyrant barely misses you.
You furiously retaliate!
You headbutt the salamander tyrant!
The shock serpent shoots out a bolt of lightning at you!
The bolt of electricity misses you. The bolt of electricity hits you!
* * * LOW HITPOINT WARNING * * *
The naga warrior roars a battlecry!
The nagas go into a battle-frenzy!
The salamander tyrant hits you but does no damage.
You take 40 damage, and have 27/170 hp.
MASSIVE DAMAGE!!
The shock serpent attacks as you move away!
The shock serpent bites you but does no damage.
The salamander tyrant gazes fiercely through you!
You feel as though you will be weak longer.
The salamander tyrant hits you!
* * * LOW HITPOINT WARNING * * *
You are engulfed in flames!
You resist.
* * * LOW HITPOINT WARNING * * *
You block the shock serpent's attack.
The salamander mystic gestures at the shock serpent while chanting.
The shock serpent seems to speed up.
You take 24 damage, and have 3/170 hp.
Okay, then.
Blink to where?
Press: ? - help, Dir - move target
As you read the scroll of blinking, it crumbles to dust.
The shock serpent shoots out a bolt of lightning at you!
The bolt of electricity misses you.
The shock serpent shoots out a bolt of lightning at you!
The bolt of electricity hits you!
You die...

#......#......)..##.N.####.......
#'....##.........#.......##....##
##.....#......?..##...N.N.##...#
#......#..........####..†).##..#
#.....##.............###)N..#.##
##....#........########S....#.#
.##'###......###....).)N...##.###
....).......##.......))..###..#.#
####........#...@#########....#.#
...###......#...........##....##.
.....#......##...........#....#..
#...##.......#######))...##...##.
.....#.)............[)........#..
##'###...........###)##.......#..
..........####...#.#..#.......#..
..........# #...#...##.......##.
...#####..####...#####.........##


You could see a salamander tyrant (fast, strong) and a shock serpent (fast).

Vanquished Creatures
  Rupert (Lair:5)
  Kirke (Snake:1)
  A nagaraja (Snake:4)
  A minotaur (Gauntlet)
  Josephine (Lair:4)
  10 hydras
  3 vault guards (D:14)
  An ogre mage (Orc:2)
  Erolcha (Orc:2)
  4 catoblepae
  11 anacondas
  3 centaur warriors
  5 two-headed ogres
  9 death yaks
  4 boulder beetles
  15 naga sharpshooters
  13 naga warriors
  7 shock serpents
  4 skysharks
  A salamander mystic (Snake:4)
  3 naga ritualists
  Pikel (D:6)
  A lindwurm (Lair:4)
  2 harpies (Lair:3)
  6 wizards
  2 bog bodies (IceCv)
  2 orc knights
  4 necromancers
  A wolf spider zombie (D:15)
  4 deep elf pyromancers
  3 ugly things
  9 orc sorcerers
  Maurice (D:13)
  5 mana vipers (Snake:4)
  11 elephants
  4 cyclopes
  5 manticores
  39 black mambas
  6 salamanders
  A centaur zombie (D:15)
  10 guardian serpents
  A centaur skeleton (D:15)
  An ice statue (IceCv)
  3 torpor snails
  A gargoyle (D:11)
  11 naga magi
  14 cane toads
  10 komodo dragons
  4 yaktaurs
  2 kobold demonologists (D:12)
  2 unseen horror zombies (D:9)
  3 unseen horrors (D:12)
  A freezing wraith (IceCv)
  5 rime drakes
  3 efreet
  A queen bee (Lair:1)
  8 trolls
  A hornet (D:10)
  3 meliai (D:15)
  4 blink frogs
  A meliai zombie (D:15)
  13 dream sheep
  13 slime creatures
  6 shadows
  A vampire (D:13)
  6 wraiths
  A spriggan (Lair:4)
  6 hogs (Snake:1)
  8 wyverns
  46 yaks
  4 fire bats (Lair:3)
  A steam dragon (D:7)
  17 humans
  A death yak simulacrum (IceCv)
  12 vampire mosquitoes
  7 basilisks
  A redback simulacrum (D:15)
  A harpy simulacrum (IceCv)
  30 nagas
  3 wargs
  2 hydra simulacra (IceCv)
  A hell hound (Lair:5)
  3 floating eyes (D:12)
  27 water moccasins
  Duvessa (D:7)
  An ice beast (D:5)
  25 orc warriors
  4 black bears
  5 centaurs
  12 wolves
  9 ogres
  3 lemures (D:6)
  5 kobold brigands
  15 bullfrogs
  3 necrophages (D:9)
  4 cane toad simulacra (IceCv)
  6 two-headed ogre simulacra (IceCv)
  4 scorpions
  13 wights
  Dowan (D:7)
  29 killer bees
  2 elephant simulacra (IceCv)
  2 howler monkeys (D:10)
  An electric eel (Lair:3)
  2 lava snakes
  A human zombie (D:9)
  4 hounds
  4 jellies
  18 orc priests
  Ijyb (D:4)
  4 iguanas
  38 orc wizards
  4 spriggan simulacra (IceCv)
  A yak simulacrum (Lair:3)
  A wolf simulacrum (IceCv)
  5 polar bear simulacra
  8 troll simulacra (IceCv)
  9 mummies
  3 howler monkey zombies (D:9)
  8 naga simulacra (IceCv)
  5 adders
  9 white imps
  4 ufetubi
  2 worms (D:2)
  6 dart slugs
  74 orcs
  8 ball pythons
  5 bats
  4 endoplasms
  3 giant cockroaches
  2 gnoll zombies (Ossuary)
  13 goblins
  5 hobgoblins
  2 quokkas (D:1)
  A hobgoblin zombie (Ossuary)
  24 kobolds
  2 kobold zombies (Ossuary)
  3 orc zombies (Ossuary)
  2 rats
935 creatures vanquished.

Vanquished Creatures (collateral kills)
  Donald (Snake:4)
  A water moccasin (Lair:5)
2 creatures vanquished.

Vanquished Creatures (others)
  A naga (Snake:1)
  2 orc wizards (Orc:2)
  A gnoll (D:9)
4 creatures vanquished.

Grand Total: 941 creatures vanquished

Notes
Turn   | Place    | Note
-------+----------+-------------------------------------------
     0 | D:1      | backslashecho the Minotaur Berserker began the quest for
                  | the Orb.
     0 | D:1      | Reached XP level 1. HP: 19/19 MP: 0/0
   221 | D:1      | Reached XP level 2. HP: 27/27 MP: 1/1
   231 | D:1      | Reached skill level 4 in Axes
   476 | D:1      | Found Xyinyg's Antique Armour Boutique.
   485 | D:1      | Found Tuxkag's Magic Scroll Boutique.
   714 | D:1      | Reached XP level 3. HP: 33/33 MP: 2/2
   868 | D:1      | Found Rixtuecs's Antique Weapon Shoppe.
  1042 | D:2      | You fall into a shaft and drop 2 floors!
  1151 | D:3      | Found Rosiyscho's Distillery.
  1157 | D:3      | Bought a potion of curing for 39 gold pieces
  1258 | D:3      | Identified the ring "Zimushoy" {rF+ Str+4 Int+4 Slay+3
                  | Stlth+}
  1321 | D:3      | Reached XP level 4. HP: 40/40 MP: 3/3
  1467 | D:3      | Reached ** piety under Trog
  1639 | D:2      | Found a stormy altar of Qazlal.
  1785 | D:2      | Reached skill level 5 in Axes
  1826 | D:2      | Reached XP level 5. HP: 45/47 MP: 4/4
  2964 | D:4      | Found a staircase to the Ecumenical Temple.
  2967 | D:4      | Noticed Ijyb
  2968 | D:4      | Paralysed by Ijyb for 4 turns
  2978 | D:4      | Killed Ijyb
  2979 | D:4      | Reached XP level 6. HP: 55/55 MP: 5/5
  2987 | D:4      | Found Usmeolumi's Assorted Antiques.
  3022 | D:4      | Reached skill level 5 in Fighting
  3022 | D:4      | Reached skill level 6 in Axes
  3029 | Temple   | Entered the Ecumenical Temple
  3600 | D:5      | Entered Level 5 of the Dungeon
  3690 | D:5      | Reached XP level 7. HP: 51/61 MP: 6/6
  3729 | D:5      | Found a shadowy altar of Dithmenos.
  3855 | D:5      | Reached skill level 7 in Axes
  3884 | D:4      | Reached skill level 5 in Armour
  4379 | D:5      | Found a glowing silver altar of Zin.
  4383 | D:5      | Reached XP level 8. HP: 63/70 MP: 7/7
  4405 | D:5      | Found a burning altar of Makhleb.
  4409 | D:5      | Found a hazy altar of Hepliaklqana.
  4634 | D:6      | Reached skill level 8 in Axes
  4634 | D:6      | Reached skill level 5 in Dodging
  4667 | D:6      | Noticed Pikel
  4668 | D:6      | Paralysed by Pikel for 2 turns
  4676 | D:6      | Killed Pikel
  4677 | D:6      | Reached skill level 9 in Axes
  4722 | D:6      | Found a sand-covered staircase.
  4731 | Ossuary  | Entered an ossuary
  4810 | Ossuary  | Reached *** piety under Trog
  5622 | D:7      | Reached XP level 9. HP: 65/77 MP: 8/8
  5718 | D:7      | Noticed Dowan
  5719 | D:7      | Noticed Duvessa
  5730 | D:7      | Killed Duvessa
  5731 | D:7      | Killed Dowan
  5749 | D:7      | Reached skill level 10 in Axes
  5998 | D:7      | Found a large runed translucent door.
  5999 | D:7      | Found a large runed translucent door.
  6803 | D:8      | Reached skill level 11 in Axes
  6952 | D:8      | Found a flagged portal.
  6966 | D:8      | Reached **** piety under Trog
  6970 | Bailey   | Entered a bailey
  7476 | Bailey   | Reached XP level 10. HP: 63/90 MP: 9/9
  7658 | Bailey   | Acquired a +5 battleaxe of flaming
  7660 | Bailey   | Noticed an orc knight
  7664 | Bailey   | Killed an orc knight
  8063 | D:8      | Found a white marble altar of Elyvilon.
  8388 | D:9      | Reached skill level 12 in Axes
  8707 | D:9      | Reached skill level 1 in Throwing
  8881 | D:9      | Found a basalt altar of Yredelemnul.
  9012 | D:9      | Found a shimmering blue altar of Sif Muna.
  9028 | D:9      | Identified the +9 hand axe "Nuskasch" {venom, Fragile rPois
                  | Int+5 Dex+2}
  9064 | D:9      | Found a bloodstained altar of Trog.
  9159 | D:9      | Found Qoom Qaps's Distillery.
  9167 | D:9      | Bought a potion of curing for 36 gold pieces
  9167 | D:9      | Bought a potion of heal wounds for 60 gold pieces
  9167 | D:9      | Bought a potion of might for 48 gold pieces
  9245 | D:9      | Noticed a purple ugly thing
  9246 | D:9      | Noticed a centaur warrior
  9452 | D:10     | Entered Level 10 of the Dungeon
  9466 | D:10     | Found a snail-covered altar of Cheibriados.
  9609 | D:10     | Reached skill level 10 in Armour
  9631 | D:10     | Noticed a two-headed ogre
  9639 | D:10     | Killed a two-headed ogre
  9640 | D:10     | Reached skill level 13 in Axes
  9799 | D:10     | Reached XP level 11. HP: 96/99 MP: 10/10
 10070 | D:10     | Reached skill level 10 in Fighting
 10200 | D:10     | Reached ***** piety under Trog
 10672 | D:10     | Reached skill level 14 in Axes
 11231 | D:11     | Found a staircase to the Lair.
 11346 | D:11     | Reached skill level 5 in Throwing
 11529 | D:11     | Noticed a two-headed ogre
 11544 | D:11     | Killed a two-headed ogre
 11719 | D:11     | Found a hide-covered altar of Uskayaw.
 12007 | Lair:1   | Entered Level 1 of the Lair of Beasts
 12058 | Lair:1   | Reached skill level 15 in Axes
 12078 | Lair:1   | Reached XP level 12. HP: 110/110 MP: 11/11
 12791 | Lair:1   | Received a gift from Trog
 13056 | Lair:2   | Reached skill level 16 in Axes
 13074 | Lair:2   | Found a staircase to the Snake Pit.
 13797 | Lair:2   | Noticed a death yak
 13798 | Lair:2   | Noticed a death yak
 13823 | Lair:2   | Killed a death yak
 13948 | Lair:2   | Noticed a death yak
 13948 | Lair:2   | Noticed a death yak
 13970 | Lair:2   | Killed a death yak
 13976 | Lair:2   | Killed a death yak
 13985 | Lair:2   | Killed a death yak
 13987 | Lair:2   | Reached skill level 15 in Armour
 14132 | Lair:2   | Reached skill level 17 in Axes
 14178 | Lair:2   | Noticed an eight-headed hydra
 14186 | Lair:2   | Killed a five-headed hydra
 14187 | Lair:2   | Reached XP level 13. HP: 86/119 MP: 12/12
 14497 | Lair:3   | Found a staircase to the Shoals.
 15050 | Lair:3   | Received a gift from Trog
 15203 | Lair:3   | Reached skill level 18 in Axes
 15772 | Lair:3   | Identified the ring "Decot" {rPois rC+ rN+ Str+3 Dex-4}
 15802 | Lair:3   | Reached skill level 1 in Evocations
 16141 | Lair:4   | Noticed Nessos
 16159 | Lair:4   | Nessos changed into Nessos the basilisk
 16159 | Lair:4   | Noticed Nessos
 16545 | Lair:4   | Found a staircase to the Slime Pits.
 16666 | Lair:4   | Noticed Josephine
 16684 | Lair:4   | Killed Josephine
 16687 | Lair:4   | Reached XP level 14. HP: 114/130 MP: 13/13
 16812 | Lair:4   | Killed Nessos the basilisk
 16823 | Lair:4   | Reached skill level 19 in Axes
 17209 | Lair:5   | Entered Level 5 of the Lair of Beasts
 17213 | Lair:4   | Received a gift from Trog
 17249 | Lair:5   | Found a runed translucent gate.
 17404 | Lair:5   | Acquired a manual of Fighting
 17468 | Lair:5   | Found a runed translucent gate.
 17765 | Lair:5   | Noticed Rupert
 17774 | Lair:5   | Killed Rupert
 17839 | Lair:5   | Found a runed translucent gate.
 17844 | Lair:5   | Noticed dolemite99's ghost (adept GnTm)
 17966 | Lair:5   | Reached skill level 15 in Fighting
 18184 | Lair:5   | Reached skill level 20 in Axes
 18790 | D:12     | Reached skill level 5 in Evocations
 19124 | D:12     | Received a gift from Trog
 19323 | D:12     | Found a staircase to the Orcish Mines.
 19528 | D:12     | Reached XP level 15. HP: 135/144 MP: 14/14
 20164 | D:13     | Found a frozen archway.
 20180 | IceCv    | Entered an ice cave
 20212 | IceCv    | Received a gift from Trog
 21471 | D:13     | Noticed Maurice
 21481 | D:13     | Killed Maurice
 21882 | D:14     | Found Budev's Assorted Antiques.
 21919 | D:14     | Received a gift from Trog
 21953 | D:14     | Found a gate leading to a gauntlet.
 22032 | Gauntlet | Entered a Gauntlet
 22032 | Gauntlet | Found a transporter.
 22042 | Gauntlet | Found a transporter.
 22044 | Gauntlet | Found a transporter.
 22045 | Gauntlet | Found a transporter.
 22053 | Gauntlet | Found a transporter.
 22056 | Gauntlet | Found a transporter.
 22057 | Gauntlet | Found a transporter.
 22066 | Gauntlet | Found a transporter.
 22069 | Gauntlet | Found a transporter.
 22070 | Gauntlet | Found a transporter.
 22076 | Gauntlet | Found a runed translucent gate.
 22076 | Gauntlet | Found a runed translucent gate.
 22077 | Gauntlet | Found a runed translucent gate.
 22078 | Gauntlet | Found a transporter.
 22081 | Gauntlet | Found a transporter.
 22082 | Gauntlet | Found a transporter.
 22095 | Gauntlet | Found a transporter.
 22312 | Gauntlet | Identified the +2 helmet of Mirth {rC+ Str+5}
 22963 | D:14     | Reached skill level 21 in Axes
 22971 | D:14     | Identified the +2 leather armour "Piuliqegh" {+Inv rF+
                  | Int+2}
 23108 | D:14     | Found a gate to the Vaults.
 23471 | D:15     | Entered Level 15 of the Dungeon
 24061 | D:15     | Found a staircase to the Depths.
 24189 | D:15     | Found an opulent altar of Gozag.
 24422 | Orc:1    | Entered Level 1 of the Orcish Mines
 24653 | Orc:1    | Reached ****** piety under Trog
 24934 | Orc:2    | Entered Level 2 of the Orcish Mines
 25179 | Orc:2    | Found a staircase to the Elven Halls.
 25378 | Orc:2    | Found Repapp's Magic Scroll Boutique.
 25440 | Orc:2    | Received a gift from Trog
 25443 | Orc:2    | Found Apup's Book Shoppe.
 25511 | Orc:2    | Found an ancient bone altar of Kikubaaqudgha.
 25547 | Orc:2    | Found Ituimyxku's Distillery.
 25561 | Orc:2    | Bought a potion of haste for 150 gold pieces
 25561 | Orc:2    | Noticed Erolcha
 25572 | Orc:2    | Found a radiant altar of Vehumet.
 25575 | Orc:2    | Killed Erolcha
 25621 | Orc:2    | Found Uxzyq's Jewellery Emporium.
 25631 | Orc:2    | Reached XP level 16. HP: 150/156 MP: 15/15
 25669 | Orc:2    | Found Koakloe's Antique Weapon Shoppe.
 25918 | Orc:2    | Bought a potion of curing for 45 gold pieces
 25918 | Orc:2    | Bought a potion of curing for 45 gold pieces
 25918 | Orc:2    | Bought a potion of curing for 45 gold pieces
 25918 | Orc:2    | Bought a potion of might for 60 gold pieces
 26081 | Snake:1  | Entered Level 1 of the Snake Pit
 26209 | Snake:1  | Noticed Kirke
 26224 | Snake:1  | Killed Kirke
 26249 | Snake:1  | Reached skill level 10 in Dodging
 27959 | Snake:1  | Found Xoawuyng's Magic Scroll Emporium.
 27962 | Snake:1  | Bought a scroll of acquirement for 884 gold pieces
 27962 | Snake:1  | Bought a scroll of blinking for 127 gold pieces
 27962 | Snake:1  | Bought a scroll of teleportation for 51 gold pieces
 27962 | Snake:1  | Bought a scroll of magic mapping for 127 gold pieces
 27962 | Snake:1  | Bought a scroll of fog for 68 gold pieces
 27964 | Snake:1  | Acquired the ring of Foistus {rElec Str+4 SInv}
 28963 | Snake:2  | Received a gift from Trog
 29232 | Snake:3  | Found Rienguot's General Store.
 29237 | Snake:3  | Found Ajietei's Assorted Antiques.
 29244 | Snake:3  | Bought a scroll of blinking for 225 gold pieces
 29244 | Snake:3  | Bought a scroll of blinking for 225 gold pieces
 30630 | Snake:4  | Entered Level 4 of the Snake Pit
 30699 | Snake:4  | Found Qumoheimn's Antique Weapon Shoppe.
 31123 | Snake:4  | Reached skill level 22 in Axes
 31164 | Snake:4  | Identified the +7 rapier "Dolunorgh" {heavy, rN+ Str+3 SInv
                  | Stlth+}
 31363 | Snake:4  | Identified the +9 quarterstaff of Fortitude {flame, rC+}
 31579 | Snake:4  | Received a gift from Trog
 31756 | Snake:4  | Noticed Donald
 31765 | Snake:4  | Killed Donald
 31766 | Snake:4  | Reached XP level 17. HP: 92/170 MP: 16/16
 32594 | Snake:4  | HP: 3/170 [salamander tyrant (12)]
 32595 | Snake:4  | Killed from afar by a shock serpent

Illustrated notes

Levels and vault maps discovered:
D:1:      dpeg_arrival_pits, layout_basic, serial_shops, nicolae_shop_trees,
          shop, nicolae_lakefront_shop
D:2:      layout_rooms, basic_altar, hangedman_decor_slide_cut
D:3:      layout_basic, serial_shops, nicolae_shop_rolling_square,
          grunt_decor_resistance, reono_crystal_passage
D:4:      layout_basic, minmay_temple_entry_proselytizer, serial_shops,
          nicolae_shop_window_shopping, uniq_ijyb
D:5:      layout_gridville, nicolae_dithmenos_the_darkroom,
          minmay_overflow_temple_star_quad
D:6:      layout_loops_ring, nicolae_ossuary_entry_ruins, minivault_27,
          uniq_pikel
D:7:      layout_loops_ring, jmf_multi_god_temple2, uniq_duvessa
D:8:      layout_loops_corners, mainiacjoe_overflow_chevrons, enter_bailey_5,
          minmay_misc_feat_alley, minmay_stone_trees_small
D:9:      minmay_bloctagon, layout_long_grid,
          lemuel_mausoleum_altar_yredelemnul, mainiacjoe_overflow_boulevard,
          lemuel_coloured_pillars_altar, serial_shops, nicolae_shop_tiny_glass,
          serial_co_window_serial, co_window_paths_b, co_window_paths_a,
          co_window_paths_a, co_window_paths_a, co_window_corner_a,
          co_window_corner_ca, co_window_2corner, co_window_unsneaky_path_a,
          co_window_broadway_a, co_window_corner_b, co_window_paths_d,
          glass_columns_c, glass_columns_a, glass_columns_a, glass_columns_a,
          glass_columns_c
D:10:     minmay_razor_zed, layout_rooms, overflow_temple_1_default
D:11:     layout_roguey, due_lair_maze_entry_diamond, dk_noncrumbling_4,
          hangedman_abyss_or_decor_stabs, nicolae_uskayaw_suspiria
D:12:     layout_layer_cave, erik_orc_4, onia_ninara_cookie
D:13:     layout_rooms, portal_ice_cave_entry_pillars_2, uniq_maurice
D:14:     layout_loops_corners, grunt_vaults_entry_tiered, kennysheep_doodads,
          serial_shops, shop, gauntlet_entry_generic
D:15:     grunt_enter_depths_magical_seal, layout_rooms, grunt_gozag_statues,
          glass_columns_a
Temple:   jpeg_temple_clearing
Lair:1:   layout_hall_layers, special_room [special_room_bee]
Lair:2:   layout_regular_city, minmay_snake_entry_guardpost_medium,
          beast_lair_carwin_4
Lair:3:   nzn_winding_woodlands_stair_trap [nzn_winding_woodlands_5x15_sawtooth,
          nzn_winding_woodlands_5x15_jagged,
          nzn_winding_woodlands_5x15_lazy_stream,
          nzn_winding_woodlands_15x15_five_gardens,
          nzn_winding_woodlands_5x15_river_crossing,
          nzn_winding_woodlands_5x15_pool,
          nzn_winding_woodlands_5x15_sidewinder], layout_gridlike,
          nicolae_shoals_entry_roost, eino_house_with_fridge
Lair:4:   layout_loops_ring, slime_entry_1, grunt_forest_large_clearing_hut,
          lemuel_fruit_fields, uniq_josephine, uniq_nessos
Lair:5:   evil_forest, layout_misc_corridors, ebering_ghost_rock_garden,
          grunt_forest_small_clearing_treed, uniq_rupert
Snake:1:  layout_chambers, serial_shops, nicolae_shop_rolled_up,
          lemuel_fruit_tree, serial_bayou_shore_b, nicolae_integral_box,
          uniq_kirke
Snake:2:  layout_grid_maze
Snake:3:  layout_chambers, minmay_shop_star
Snake:4:  grunt_snake_rune_serpentine_throne, layout_cave_town, serial_shops,
          nicolae_shop_overgrown_old_shop, drop_trap, uniq_donald
Orc:1:    layout_caves
Orc:2:    kennysheep_orc_mage_school, layout_caves, serial_shops, shop_scrolls

Skill      XL: |  1  2  3  4  5  6  7  8  9 10 11 12 13 14 15 16 17 |
---------------+----------------------------------------------------+-----
Axes           | 4 5 6 7 9 11 13 15 17 18 20 21 22 | 22.2
Fighting       | 4 5 6 7 8 9 11 12 13 16 18 19 20 | 20.2
Armour         | 3 4 5 6 8 10 12 15 16 17 18 19 | 19.8
Dodging        | 3 4 6 7 8 9 11 | 11.7
Throwing       | 3 5 6 |  6.0
Evocations     | 2 5 7 9 |  9.2

Action                     |  1- 3 |  4- 6 |  7- 9 | 10-12 | 13-15 | 16-18 || total
---------------------------+-------+-------+-------+-------+-------+-------++-------
  Melee: Hand axe          |    64 |    80 |       |       |       |       ||   144
         Headbutt          |    10 |    22 |    45 |    59 |   140 |    67 ||   343
         War axe           |       |    26 |   230 |     7 |       |       ||   263
         Punch             |       |       |     1 |       |       |       ||     1
         Battleaxe         |       |       |       |   353 |   745 |   375 ||  1473
  Throw: Dart              |       |       |       |    10 |    10 |       ||    20
 Invoke: Trog's Hand       |       |     1 |     4 |     2 |     7 |     4 ||    18
         Berserk           |       |     1 |     2 |     4 |     2 |       ||     9
         Brothers in Arms  |       |       |       |       |     1 |     1 ||     2
  Evoke: Wand              |       |       |       |     1 |     4 |       ||     5
    Use: Scroll            |     3 |     5 |     9 |     9 |     5 |     2 ||    33
         Potion            |       |       |       |       |     3 |       ||     3
   Stab: Invisible         |       |       |       |       |     6 |       ||     6
         Petrified         |       |       |       |       |     2 |       ||     2
 Armour: Plate armour      |    29 |    50 |   148 |   190 |   237 |       ||   654
         Chain mail        |       |       |       |       |   148 |   106 ||   254
         Crystal plate arm |       |       |       |       |       |    49 ||    49
  Dodge: Dodged            |    22 |    48 |    99 |   176 |   298 |   169 ||   812
  Block: Other             |       |       |       |       |    96 |    79 ||   175
         Reflection        |       |       |       |       |     6 |    18 ||    24

Table legend: (Time is in decaauts)
 A = Elapsed time spent in this place.
 B = Non-inter-level travel time spent in this place.
 C = Inter-level travel time spent in this place.
 D = Time resting spent in this place.
 E = Time spent auto-exploring this place.
 F = Levels seen in this place.
 G = Mean time per level.
                   A        B        C        D        E       F      G
               +--------+--------+--------+--------+--------+-----+--------+
         Total |  32466 |  29881 |   2585 |   5262 |  18051 |  31 | 1047.3 |
       Dungeon |  15541 |  13976 |   1565 |   2080 |   9134 |  15 | 1036.1 |
        Temple |    149 |    132 |     17 |      0 |    117 |   1 |  149.0 |
          Lair |   6822 |   6311 |    511 |   1538 |   3539 |   5 | 1364.4 |
     Snake Pit |   6211 |   5810 |    401 |    976 |   3698 |   4 | 1552.8 |
  Orcish Mines |   1526 |   1435 |     91 |    206 |    886 |   2 |  763.0 |
       Ossuary |    246 |    246 |      0 |     13 |    110 |   1 |  246.0 |
        Bailey |    768 |    768 |      0 |    441 |     14 |   1 |  768.0 |
      Ice Cave |    911 |    911 |      0 |      0 |    435 |   1 |  911.0 |
      Gauntlet |    290 |    290 |      0 |      5 |    116 |   1 |  290.0 |
               +--------+--------+--------+--------+--------+-----+--------+

Top non-repeatable levels by time:
 Snake:1: 1794 daAuts
  Lair:2: 1788 daAuts
  Lair:3: 1775 daAuts
 Snake:4: 1770 daAuts
    D:10: 1593 daAuts
 Snake:3: 1555 daAuts
    D:14: 1499 daAuts
    D:12: 1491 daAuts
     D:8: 1187 daAuts
  Lair:5: 1149 daAuts
     D:9: 1128 daAuts
 Snake:2: 1092 daAuts
     D:3: 1080 daAuts
  Lair:1: 1060 daAuts
  Lair:4: 1047 daAuts
